 Dungeon Crawl Stone Soup version 0.21.0 (webtiles) character file.

4967 edsrzf the Destroyer (level 10, -8/60 HPs)
             Began as a Tengu Earth Elementalist on Jan 21, 2018.
             Was an Elder of Vehumet.
             Mangled by a seven-headed hydra (11 damage)
             ... on level 8 of the Dungeon.
             The game lasted 00:51:51 (9731 turns).

edsrzf the Destroyer (Tengu Earth Elementalist)     Turns: 9731, Time: 00:51:51

Health: -8/60      AC:  9    Str:  9    XL:     10   Next: 53%
Magic:  17/22      EV: 14    Int: 18    God:    Vehumet [****..]
Gold:   475        SH:  0    Dex: 15    Spells: 15/24 levels left

rFire    . . .     SeeInvis .   a - +2 dagger (speed)
rCold    . . .     Gourm    .   (no shield)
rNeg     . . .     Faith    .   x - +3 leather armour
rPois    .         Spirit   .   (helmet restricted)
rElec    .         Reflect  .   f - +2 cloak
rCorr    .         Harm     .   (no gloves)
MR       .....                  (boots unavailable)
Stlth    +++.......             (no amulet)
HPRegen  0.20/turn              h - ring of stealth
MPRegen  0.18/turn              (no ring)

@: about to teleport, flying quickly and evasively, quick
A: beak, talons 3, able to fly 1
a: Renounce Religion


You were on level 8 of the Dungeon.
You worshipped Vehumet.
Vehumet was greatly pleased with you.
You were not hungry.

You visited 1 branch of the dungeon, and saw 8 of its levels.

You collected 475 gold pieces.

Inventory:

Hand Weapons
 a - a +2 dagger of speed (weapon)
 b - a +4 great sword of freezing
 w - a +0 scimitar of flaming
Missiles
 B - 285 stones (quivered)
Armour
 f - a +2 cloak (worn)
 t - the +4 robe of the Hunter {rPois rF- MR+ Dex+2}
   (You took it off an orc wizard on level 4 of the Dungeon)

   It affects your dexterity (+2).
   It makes you vulnerable to fire.
   It protects you from poison.
   It affects your resistance to hostile enchantments.
 x - a +3 leather armour (worn)
 J - a +0 robe of magic resistance
Jewellery
 h - a ring of stealth (left hand)
Wands
 n - a wand of random effects (27)
 y - a wand of flame (14)
 z - a wand of iceblast (12)
 D - a wand of acid (8)
 G - a wand of scattershot (16)
Scrolls
 g - a scroll of amnesia {unknown}
 j - 2 scrolls of immolation
 m - 4 scrolls of remove curse {@r2}
 s - 2 scrolls of enchant weapon {unknown}
 A - 3 scrolls of magic mapping {unknown}
 C - a scroll of blinking {unknown}
Potions
 c - a potion of ambrosia
 k - 10 potions of curing
 l - 2 potions of heal wounds
 p - a potion of invisibility
 u - 2 potions of agility
 v - a potion of degeneration {unknown}
 E - a potion of mutation {unknown}
 I - a potion of lignification {unknown}
Books
 e - a book of Geomancy
 H - a book of Misfortune
Comestibles
 d - 14 rations


   Skills:
 - Level 6.0 Fighting
 + Level 5.7 Long Blades
 - Level 2.1 Dodging
 - Level 2.0 Stealth
 * Level 7.7 Spellcasting
 + Level 10.4 Conjurations
   Level 0.7 Transmutations
 - Level 6.6 Air Magic
 - Level 2.1 Earth Magic
 - Level 2.0 Poison Magic


You had 15 spell levels left.
You knew the following spells:

 Your Spells              Type           Power        Failure   Level  Hunger
a - Stone Arrow           Conj/Erth      ####..       1%          3    #......
b - Sandblast             Erth           ##....       1%          1    None
g - Sting                 Conj/Pois      ####         1%          1    None
C - Mephitic Cloud        Conj/Pois/Air  ####....     1%          3    #......
X - Shock                 Conj/Air       ####         1%          1    None


Dungeon Overview and Level Annotations

Branches:
Dungeon (8/15)             Temple (0/1) D:6
   Lair: D:8-11

Altars:
Cheibriados
Dithmenos
Fedhas
Gozag
Hepliaklqana
Nemelex Xobeh
Qazlal
Ru
Trog
Vehumet
Xom
Yredelemnul
The Shining One

Shops:
D:4 :   D:7 }

Annotations:
D:5 edsrzf's ghost, novice TeEE
D:6 exclusion: 3 killer bees


Innate Abilities, Weirdness & Mutations

You have a beak for a mouth.
You have claws for feet.
You can fly.


Message History

Drop what? 33/52 slots (_ for help) (? for menu, Esc to quit)
You drop 2 potions of flight.
Your +0 scimitar of flaming stops flaming.
Your hands tingle!
a - a +2 dagger of speed (weapon)
You start resting.
Magic restored.
Things that are here:
a shortbow; 22 arrows You see here an arrow.
You see here an arrow.
You are feeling very hungry.
You see here an arrow.
The seven-headed hydra is too close now for your liking.
You eat one of the 15 rations.
That ration really hit the spot!
Casting: Stone Arrow
Confirm with . or Enter, or press ? or * to list all spells.
Aiming: Shock
Press: ? - help, Shift-Dir - straight line, f/p - seven-headed hydra
Aim: a seven-headed hydra (hasn't noticed you)
The zap hits the seven-headed hydra.
The seven-headed hydra is lightly wounded.
The zap misses the adder.
The adder hisses angrily.
Casting: Shock
Confirm with . or Enter, or press ? or * to list all spells.
Aiming: Shock
Press: ? - help, Shift-Dir - straight line, f/p - seven-headed hydra
Aim: a seven-headed hydra (lightly wounded)
The zap hits the seven-headed hydra.
The seven-headed hydra is lightly wounded.
You see here an arrow.
You see here an arrow.
You see here an arrow.
Things that are here:
a shortbow; 22 arrows You swoop lightly up into the air.
You feel very comfortable in the air.
You feel somewhat more hungry. The adder bites you but does no damage.
Casting: Shock
Confirm with . or Enter, or press ? or * to list all spells.
Aiming: Shock
Press: ? - help, Shift-Dir - straight line, f/p - seven-headed hydra
Aim: a seven-headed hydra The zap hits the adder.
The adder is moderately wounded.
The zap hits the seven-headed hydra.
The seven-headed hydra is lightly wounded.
The zap hits the seven-headed hydra.
The seven-headed hydra is lightly wounded.
The adder bites you.
Casting: Shock
Confirm with . or Enter, or press ? or * to list all spells.
Aiming: Shock
Press: ? - help, Shift-Dir - straight line, f/p - adder
Aim: an adder (moderately wounded)
The zap hits the adder.
The adder is heavily wounded.
The zap hits the seven-headed hydra.
The seven-headed hydra is lightly wounded.
The adder completely misses you.
Casting: Shock
Confirm with . or Enter, or press ? or * to list all spells.
Aiming: Shock
Press: ? - help, Shift-Dir - straight line, f/p - adder
Aim: an adder (heavily wounded)
The zap misses the adder.
The zap hits the seven-headed hydra.
The seven-headed hydra is lightly wounded.
The adder barely misses you.
Casting: Shock
Confirm with . or Enter, or press ? or * to list all spells.
Aiming: Shock
Press: ? - help, Shift-Dir - straight line, f/p - adder
Aim: an adder (heavily wounded)
The zap hits the seven-headed hydra.
The seven-headed hydra is lightly wounded.
The zap hits the adder.
The adder is almost dead.
You see here 2 potions of flight.
A two-headed ogre comes into view.
It is wielding a giant club and a giant spiked club.
The two-headed ogre shouts in stereo!
Okay, then.
Okay, then.
Casting: Shock
Confirm with . or Enter, or press ? or * to list all spells.
Okay, then.
Unknown command.
Okay, then.
Okay, then.
Okay, then.
As you read the scroll of teleportation {@r3}, it crumbles to dust.
You feel strangely unstable.
The two-headed ogre hits you with a giant club!
The two-headed ogre barely misses you. The seven-headed hydra bites you. x2
The seven-headed hydra barely misses you.
The seven-headed hydra bites you! x2
* * * LOW HITPOINT WARNING * * *
The seven-headed hydra bites you!
* * * LOW HITPOINT WARNING * * *
The seven-headed hydra bites you!
You die...

##.####.#..#..#..# ....#.....##..
##...##)#..#..#..# ...##.....#..
####....#..#..#..# #..%#(....##.
# ###..#..#..#..# #...#......##
####....#..#..#..#####..##D(.....
##...#.##.....#.....DZ...#(......
...###.##.....'.........[#.......
...###.###################.######
##.............O@DS.!....).####
######.###########..######....#
.## #).# #)## ###..### ..###.##
#<# ##...# ..(÷..# #.# #...)
..###.############.# ##...
..#⌠#...(...@....#.# #...
..###.##########...# #>.. ......#
##..# ####


You could see a seven-headed hydra, a two-headed ogre and an adder.

Vanquished Creatures
  Erica (D:8)
  Joseph (D:8)
  A hornet (D:8)
  2 hippogriffs (D:7)
  A shadow (D:8)
  An ice beast (D:8)
  2 sky beasts (D:8)
  2 orc warriors
  5 phantoms
  An ogre (D:7)
  2 centaurs (D:8)
  5 bullfrogs
  A scorpion (D:4)
  A killer bee (D:8)
  11 wights
  A bullfrog zombie (D:6)
  2 crimson imps (D:6)
  A centaur zombie (D:6)
  7 hounds
  A bullfrog skeleton (D:8)
  A centaur skeleton (D:5)
  3 orc priests
  3 jellies
  11 orc wizards
  Ijyb (D:4)
  5 worker ants
  An iguana (D:4)
  A killer bee zombie (D:6)
  A howler monkey zombie (D:6)
  A worker ant zombie (D:5)
  2 gnolls (D:2)
  7 adders
  A shadow imp (D:8)
  An ooze (D:1)
  An adder skeleton (D:6)
  6 worms
  4 dart slugs
  5 leopard geckos
  30 orcs
  8 bats
  A giant cockroach (D:4)
  12 goblins
  6 hobgoblins
  8 jackals
  6 quokkas
  A ball python (D:2)
  3 frilled lizards
  5 kobolds
  2 quokka skeletons (D:8)
  4 rats
190 creatures vanquished.

Vanquished Creatures (others)
  An orc (D:4)
1 creature vanquished.

Grand Total: 191 creatures vanquished

Notes
Turn   | Place    | Note
-------+----------+-------------------------------------------
     0 | D:1      | edsrzf the Tengu Earth Elementalist began the quest for the Orb.
     0 | D:1      | Reached XP level 1. HP: 10/10 MP: 4/4
   465 | D:1      | Reached skill level 1 in Fighting
   465 | D:1      | Reached XP level 2. HP: 14/16 MP: 1/6
   671 | D:1      | Reached XP level 3. HP: 20/20 MP: 1/7
   735 | D:1      | Learned a level 3 spell: Stone Arrow
  1080 | D:2      | Reached skill level 1 in Conjurations
  1131 | D:2      | Found a snail-covered altar of Cheibriados.
  1139 | D:2      | Found an opulent altar of Gozag.
  1139 | D:2      | Found a radiant altar of Vehumet.
  1142 | D:2      | Found a sparkling altar of Nemelex Xobeh.
  1143 | D:2      | Found a sacrificial altar of Ru.
  1147 | D:2      | Became a worshipper of Vehumet
  1374 | D:2      | Found a stormy altar of Qazlal.
  1418 | D:2      | Reached skill level 2 in Fighting
  1512 | D:2      | Reached XP level 4. HP: 24/26 MP: 9/9
  1573 | D:2      | Found a bloodstained altar of Trog.
  1691 | D:2      | Reached skill level 2 in Conjurations
  1721 | D:2      | Reached skill level 3 in Spellcasting
  2026 | D:3      | Reached skill level 3 in Conjurations
  2181 | D:3      | Reached * piety under Vehumet
  2181 | D:3      | Offered knowledge of Shock by Vehumet.
  2181 | D:3      | Gained mutation: You can fly. [Tengu growth]
  2181 | D:3      | Reached XP level 5. HP: 30/31 MP: 8/10
  2425 | D:3      | Learned a level 1 spell: Shock
  2432 | D:3      | Reached skill level 4 in Conjurations
  2725 | D:4      | Reached skill level 3 in Fighting
  2725 | D:4      | Reached skill level 1 in Air Magic
  2725 | D:4      | Reached XP level 6. HP: 34/37 MP: 1/12
  2951 | D:4      | Reached skill level 2 in Air Magic
  3124 | D:4      | Found Utunuhim's Book Emporium.
  3153 | D:4      | Identified 4 scrolls of fear
  3242 | D:4      | Reached skill level 5 in Conjurations
  3248 | D:4      | Noticed Ijyb
  3250 | D:4      | Got a ripped robe
  3434 | D:4      | Noticed a phantom
  3484 | D:4      | Killed a phantom
  3484 | D:4      | Reached skill level 3 in Air Magic
  3484 | D:4      | Reached XP level 7. HP: 23/42 MP: 3/13
  3605 | D:4      | Reached skill level 4 in Fighting
  3745 | D:4      | Identified the +4 robe of the Hunter {rPois rF- MR+ Dex+2} (You took it off an orc wizard on level 4 of the Dungeon)
  3755 | D:4      | Identified 3 scrolls of remove curse
  4093 | D:5      | Entered Level 5 of the Dungeon
  4169 | D:5      | Noticed edsrzf's ghost (novice TeEE)
  4249 | D:6      | Reached skill level 4 in Air Magic
  4490 | D:6      | Reached skill level 6 in Conjurations
  4651 | D:6      | Reached ** piety under Vehumet
  4651 | D:6      | Offered knowledge of Sting by Vehumet.
  4670 | D:6      | Reached XP level 8. HP: 35/48 MP: 1/14
  4675 | D:6      | Reached skill level 5 in Air Magic
  4768 | D:6      | Reached skill level 5 in Fighting
  4948 | D:5      | Reached skill level 7 in Conjurations
  4985 | D:5      | Found a blossoming altar of Fedhas.
  5093 | D:4      | Learned a level 1 spell: Sting
  5171 | D:4      | Killed Ijyb
  5650 | D:5      | Reached skill level 6 in Air Magic
  5718 | D:5      | Reached skill level 1 in Poison Magic
  5906 | D:6      | Found a staircase to the Ecumenical Temple.
  6105 | D:6      | Offered knowledge of Mephitic Cloud by Vehumet.
  6110 | D:6      | Learned a level 3 spell: Mephitic Cloud
  6138 | D:6      | Found a bloodstained altar of Trog.
  6304 | D:6      | Reached skill level 2 in Poison Magic
  6427 | D:6      | Found a basalt altar of Yredelemnul.
  6443 | D:6      | Reached *** piety under Vehumet
  6490 | D:6      | Found a glowing golden altar of the Shining One.
  6492 | D:6      | Noticed an angel
  6679 | D:7      | Noticed a hippogriff
  6730 | D:7      | Found a shimmering altar of Xom.
  6731 | D:7      | Found a hazy altar of Hepliaklqana.
  6731 | D:7      | Noticed a caustic shrike
  6732 | D:7      | Noticed a caustic shrike
  6732 | D:7      | Noticed a spectral ugly thing
  6764 | D:7      | Reached skill level 6 in Fighting
  6764 | D:7      | Reached skill level 1 in Long Blades
  6764 | D:7      | Reached skill level 8 in Conjurations
  6764 | D:7      | Reached XP level 9. HP: 55/55 MP: 15/15
  6881 | D:7      | Reached skill level 4 in Spellcasting
  7048 | D:7      | Reached skill level 2 in Long Blades
  7373 | D:7      | Found Giruin's Gadget Emporium.
  7715 | D:7      | Reached skill level 3 in Long Blades
  7715 | D:7      | Reached skill level 5 in Spellcasting
  7854 | D:8      | Noticed Joseph
  7862 | D:8      | Reached skill level 9 in Conjurations
  8035 | D:8      | Offered knowledge of Dazzling Spray by Vehumet.
  8060 | D:8      | Noticed Erica
  8165 | D:8      | Found a shadowy altar of Dithmenos.
  8317 | D:8      | Killed Joseph
  8317 | D:8      | Reached skill level 4 in Long Blades
  8317 | D:8      | Reached skill level 6 in Spellcasting
  8374 | D:8      | Killed Erica
  8374 | D:8      | Reached XP level 10. HP: 33/60 MP: 6/21
  8610 | D:8      | Reached skill level 5 in Long Blades
  8610 | D:8      | Reached skill level 7 in Spellcasting
  8610 | D:8      | Reached skill level 10 in Conjurations
  8627 | D:8      | Paralysed by a hornet for 2 turns
  9561 | D:8      | Reached **** piety under Vehumet
  9579 | D:8      | Noticed a seven-headed hydra
  9605 | D:8      | Identified 3 scrolls of immolation
  9610 | D:8      | Identified 6 scrolls of identify
  9610 | D:8      | Identified 10 potions of curing
  9621 | D:8      | Identified 2 scrolls of teleportation
  9638 | D:8      | Identified a potion of ambrosia
  9639 | D:8      | Identified 2 potions of heal wounds
  9640 | D:8      | Identified a potion of invisibility
  9642 | D:8      | Identified 2 potions of flight
  9643 | D:8      | Identified 2 potions of agility
  9728 | D:8      | Noticed a two-headed ogre
  9731 | D:8      | HP: 3/60 [seven-headed hydra (11)]
  9731 | D:8      | Mangled by a seven-headed hydra

Skill      XL: |  1  2  3  4  5  6  7  8  9 10 |
---------------+-------------------------------+-----
Fighting       | 1 2 3 4 6 |  6.0
Conjurations   | 1 3 4 5 6 8 9 10 | 10.4
Spellcasting   | 3 6 7 |  7.7
Air Magic      | 1 3 4 6 |  6.6
Poison Magic   | 2 |  2.0
Long Blades    | 1 4 5 |  5.7
Dodging        | |  2.1
Stealth        | |  2.0
Transmutations | |  0.7
Earth Magic    | |  2.1

Action                   |  1- 3 |  4- 6 |  7- 9 | 10-12 || total
-------------------------+-------+-------+-------+-------++-------
Melee: Unarmed           |    37 |       |       |       ||    37
       Kick              |    15 |    12 |    11 |     6 ||    44
       Peck              |     3 |     6 |     3 |     5 ||    17
       Dagger            |     4 |    54 |    36 |     8 ||   102
       Great sword       |       |       |     7 |    21 ||    28
 Cast: Sandblast         |    41 |    31 |       |       ||    72
       Stone Arrow       |       |    12 |    27 |     7 ||    46
       Shock             |       |    16 |   254 |    55 ||   325
       Sting             |       |       |    10 |     9 ||    19
       Mephitic Cloud    |       |       |     3 |     4 ||     7
 Abil: Fly               |       |       |     3 |     3 ||     6
Evoke: Wand              |       |       |     1 |       ||     1
  Use: Scroll            |       |     2 |     2 |    10 ||    14
 Stab: Sleeping          |     6 |     8 |     2 |       ||    16
  Eat: Chunk             |     2 |     7 |    13 |     2 ||    24
       Ration            |       |       |     2 |     1 ||     3
Armor: Robe              |    17 |     6 |     6 |       ||    29
       Leather armour    |       |       |    43 |    26 ||    69
Dodge: Dodged            |    30 |    19 |    68 |    29 ||   146
       Rpst.: Great sword |       |       |       |     3 ||     3
